 Dungeon Crawl Stone Soup version 0.28.0-53-g5a82cb258f (webtiles) character file.

Game seed: 773764367537902460

18 GigaChad the Slasher (level 2, 0/25 HPs)
             Began as a Minotaur Gladiator on Aug 22, 2022.
             Slain by an adder (1 damage)
             ... on level 2 of the Dungeon.
             The game lasted 00:01:12 (446 turns).

GigaChad the Slasher (Minotaur Gladiator)            Turns: 446, Time: 00:01:12

Health: 0/25       AC:  3    Str: 18    XL:     2   Next: 48%
Magic:  1/1        EV: 12    Int:  5    God:
Gold:   20         SH:  3    Dex: 11    Spells: 1/1 levels left

rFire   . . .      SeeInvis .   a - +0 long sword
rCold   . . .      Faith    .   f - +0 buckler
rNeg    . . .      Spirit   .   b - +0 leather armour
rPois   .          Reflect  .   c - +0 hat
rElec   .          Harm     .   (no cloak)
rCorr   .          Rampage  .   (no gloves)
Will    .....                   (no boots)
Stlth   +.........              (no amulet)
HPRegen 0.08/turn               (no ring)
MPRegen 0.07/turn               (no ring)

@: lethally poisoned (0 -> -3)
A: horns 2, retaliatory headbutt
a: no special abilities


You were on level 2 of the Dungeon.
You visited 1 branch of the dungeon, and saw 2 of its levels.

You collected 20 gold pieces.

Inventory:

Hand Weapons
 a - a +0 long sword (weapon)
Missiles
 d - 3 throwing nets (quivered)
Armour
 b - a +0 leather armour (worn)
 c - a +0 hat (worn)
 f - a +0 buckler (worn)
Scrolls
 h - a scroll of teleportation {unknown}
Potions
 e - 2 potions of haste {unknown}
 g - a potion of ambrosia {unknown}


   Skills:
 + Level 2.4 Fighting
 + Level 4.0 Long Blades
 + Level 2.0 Throwing
 + Level 0.1 Armour
 + Level 3.9 Dodging


You had one spell level left.
You didn't know any spells.
Your spell library was empty.

Dungeon Overview and Level Annotations

Branches:
Dungeon (1/15)

Altars:


Innate Abilities, Weirdness & Mutations

You have a pair of horns on your head.
You reflexively headbutt those who attack you in melee.


Message History

You hit the worm.
You kill the worm!
Your Long Blades skill increases to level 4!
Found 17 stones.
A worm comes into view.
A goblin comes into view. It is wielding a +0 dagger.
An adder comes into view.
The goblin shouts!
The adder hisses angrily.
You hear an angry hiss.
An adder comes into view.
A rat comes into view.
You completely miss the worm. Your headbutt misses the worm.
The worm bites you.
You hit the worm.
The worm is moderately wounded.
The worm bites you!
You barely miss the worm.
You headbutt the worm, but do no damage.
The worm is lightly wounded.
The goblin hits you with a +0 dagger. The worm bites you.
You slash the rat!
You kill the rat!
You block the adder's attack. The goblin hits you but does no damage.
The worm bites you. The adder misses you. You furiously retaliate!
You headbutt the adder. You block the adder's attack.
The adder bites you but does no damage. The adder closely misses you.
The adder completely misses you.
A worm comes into view.
The adder bites you.
* * * LOW HITPOINT WARNING * * *
You are lethally poisoned!
The adder poisons you!
* * * LOW HITPOINT WARNING * * *
You feel sick. The adder misses you.
* * * LOW HITPOINT WARNING * * *
You feel sick.
* * * LOW HITPOINT WARNING * * *
You feel sick. The adder bites you.
You die...

....... #........
....... #........
...... #......# .
#..... #.(....# #g
#.....####......# ..
#...............##.#
#.###g............#
#.@SS..w..........#
#####.............#
#.............#
######.........
####### #...).....
#.....# ####.####.
#.###.# #.# .
#.#<#.#### #.#
#........# #.#


You could see a worm, 2 adders and a goblin.

Vanquished Creatures
  A worm (D:2)
  5 bats (D:1)
  2 goblins (D:1)
  2 hobgoblins (D:2)
  A kobold (D:2)
  A ball python (D:2)
  A rat (D:2)
13 creatures vanquished.

Vanquished Creatures (others)
  A fungus (D:1)
  4 toadstools (D:1)
5 creatures vanquished.

Grand Total: 18 creatures vanquished

Notes
Turn   | Place    | Note
-------+----------+-------------------------------------------
     0 | D:1      | GigaChad the Minotaur Gladiator began the quest for the
                  | Orb.
     0 | D:1      | Reached XP level 1. HP: 18/18 MP: 0/0
   196 | D:1      | Reached XP level 2. HP: 25/25 MP: 1/1
   243 | D:1      | You fall into a shaft and drop 1 floor!
   426 | D:2      | Reached skill level 4 in Long Blades
   446 | D:2      | HP: 1/25 [poisoned by an adder]
   446 | D:2      | Slain by an adder

Illustrated notes

Levels and vault maps discovered:
D:1:      ldierk_walled_garden_2, layout_rooms,
          shapermc_ecumenical_altar_mp_urbaneastern
D:2:      layout_basic, uniq_terence

Skill      XL: |  1  2 |
---------------+-------+-----
Long Blades    | 4 |  4.0
Fighting       | |  2.4
Throwing       | |  2.0
Armour         | |  0.1
Dodging        | |  3.9

Action                   || total
-------------------------++-------
Melee: Long sword        ||    36
       Headbutt          ||     7
Armor: Leather armour    ||    27
Dodge: Dodged            ||    54
Block: Buckler           ||     7
